 Dungeon Crawl Stone Soup version 0.30.0-29-ga12c61a403 (webtiles) character file.

Game seed: 17132301590910044247

28 Graphine the Trooper (level 3, -4/33 HPs)
             Began as a Hill Orc Fighter on June 24, 2023.
             Slain by Sigmund
             ... wielding a +0 scythe
              (10 damage)
             ... on level 2 of the Dungeon.
             The game lasted 00:02:15 (764 turns).

Graphine the Trooper (Hill Orc Fighter)              Turns: 764, Time: 00:02:16

Health: -4/33      AC:  6    Str: 20    XL:     3   Next: 12%
Magic:  4/4        EV:  9    Int:  8    God:
Gold:   70         SH:  0    Dex: 10    Spells: 2/2 levels left

rFire   . . .        a - +0 war axe
rCold   . . .        c - +0 buckler
rNeg    . . .        b - +0 scale mail
rPois   .            (no helmet)
rElec   .            (no cloak)
rCorr   .            (no gloves)
SInv    .            (no boots)
Will    .....        (no amulet) Stlth
                     (no ring)
HPRegen 0.25/turn    (no ring)
MPRegen 0.09/turn

%: no passive effects
@: confused, mighty
A: no striking features
a: no special abilities


You were on level 2 of the Dungeon.
You visited 1 branch of the dungeon, and saw 2 of its levels.

You collected 70 gold pieces.

Inventory:

Hand Weapons
 a - a +0 war axe (weapon)
Armour
 b - a +0 scale mail (worn)
 c - a +0 buckler (worn)
Potions
 d - a potion of might
 e - a potion of brilliance
 h - a potion of degeneration
 i - a potion of heal wounds {unknown}


   Skills:
 * Level 4.0 Fighting
 * Level 3.3 Axes
 * Level 3.6 Armour
 - Level 3.2 Shields
 * Level 1.6 Invocations


You had 2 spell levels left.
You didn't know any spells.
Your spell library was empty.

Dungeon Overview and Level Annotations

Branches:
Dungeon (2/15)

Altars:

Shops:
D:2 (

Annotations:
D:2 Sigmund


Message History

You slash the ball python!
You kill the ball python!
Sigmund barely misses you.
Cleave: a) +0 war axe
Press: ? - help, Dir - move target, f/p - Sigmund
Aim: Sigmund, wielding a +0 scythe and wearing a +0 robe (moderately wounded, about 48% to evade your +0 war axe)
You barely miss Sigmund.
Sigmund is moderately wounded.
Sigmund mumbles some strange words.
Sigmund flickers and vanishes!
Deactivating autopickup; reactivate with Ctrl-A.
Cleave: a) +0 war axe
Press: ? - help, Dir - move target You closely miss something.
You hear some strange, mumbled words.
A puff of flame appears from out of thin air!
The puff of flame hits you.
You hear some strange, mumbled words.
You are confused.
You're too confused to aim your attacks!
Something hits you but does no damage.
You're too confused to move!
Something hits you. Something hits you.
You're too confused to aim your attacks!
Unknown command.
You completely miss something.
You hear some strange, mumbled words.
Something tries to affect you, but you resist.
You feel less confused. Something hits you.
Cleave: a) +0 war axe
Press: ? - help, Dir - move target You miss something.
You hear some strange, mumbled words.
You are confused.
Something hits you!
* * * LOW HITPOINT WARNING * * *
You're too confused to aim your attacks!
You completely miss something. Something hits you!
You die...

.###...>.....#
............#
#.#..##.###.#
#.##....###.# #
#.....†...#.#
##.#+##..?......#.#
#...............#.#
#...............#.#
#......@...)........
#?....{.........#.#.
#................∩#
#....<.............
#......##########.##
#......# .# #......#
.......#


There were no monsters in sight!

Vanquished Creatures
  A dart slug (D:1)
  2 ball pythons
  A bat (D:2)
  3 endoplasms (D:1)
  3 goblins
  5 hobgoblins
  A quokka (D:1)
  A frilled lizard (D:1)
  3 kobolds
  3 rats
23 creatures vanquished.

Notes
Turn   | Place    | Note
-------+----------+-------------------------------------------
     0 | D:1      | Graphine the Hill Orc Fighter began the quest for the Orb.
     0 | D:1      | Reached XP level 1. HP: 19/19 MP: 1/1
   125 | D:1      | Reached XP level 2. HP: 23/27 MP: 2/2
   126 | D:1      | Reached skill level 1 in Invocations
   675 | D:2      | Reached skill level 4 in Fighting
   711 | D:2      | Reached XP level 3. HP: 33/33 MP: 4/4
   721 | D:2      | Found Kookilane's Weapon Boutique.
   747 | D:2      | Noticed Sigmund
   764 | D:2      | Slain by Sigmund

Illustrated notes

Levels and vault maps discovered:
D:1:      matt_arrival_spirals, layout_rooms, ebering_dispersal_statue_hall
D:2:      layout_basic, serial_shops, shop, uniq_jessica, uniq_sigmund,
          uniq_crazy_yiuf_cottage

Skill      XL: |  1  2 |
---------------+-------+-----
Axes           | 3 |  3.3
Invocations    | 1 |  1.6
Fighting       | 4 |  4.0
Armour         | |  3.6
Shields        | |  3.2

Action                     || total
---------------------------++-------
  Melee: War axe           ||    61
    Use: Scroll            ||     3
         Potion            ||     1
 Armour: Scale mail        ||    23
  Dodge: Dodged            ||    19
  Block: Buckler           ||    10
